 Seeded DCSS version 0.29.1-12-g30fa7ad0bf (webtiles) character file.

Game seed: 16245865983455551772 (custom seed)

89 hikkokomori the Conjurer (level 4, 0/27 HPs)
             Began as an Octopode Conjurer on Jan 17, 2023.
             Slain by an orc wizard
             ... wielding a +0 dagger
              (4 damage)
             ... on level 3 of the Dungeon.
             The game lasted 00:02:51 (2473 turns).

hikkokomori the Conjurer (Octopode Conjurer)        Turns: 2473, Time: 00:02:52

Health: 0/27       AC:  1    Str:  6    XL:     4   Next: 55%
Magic:  2/8        EV: 13    Int: 34    God:
Gold:   1483       SH:  0    Dex: 10    Spells: 2/9 levels left

rFire   . . .      SeeInvis .   b - staff of conjuration
rCold   . . .      Faith    .   (no shield)
rNeg    . . .      Spirit   .   (helmet restricted)
rPois   .          Reflect  .   (no amulet)
rElec   .          Harm     .   f - +6 ring of intelligence
rCorr   .          Rampage  .   g - +6 ring of intelligence
Will    .....                   (no ring)
Stlth   +++.......              (no ring)
HPRegen 0.09/turn               (no ring)
MPRegen 0.11/turn               (no ring)
                                (no ring)
                                (no ring)

@: flying
A: almost no armour, amphibious, 8 rings, camouflage 1, gelatinous body 1,
(nimble swimmer 1), tentacles
a: no special abilities


You were on level 3 of the Dungeon.
You visited 1 branch of the dungeon, and saw 3 of its levels.

You collected 1483 gold pieces.

Inventory:

Magical Staves
 b - a staff of conjuration (weapon)
Jewellery
 f - a +6 ring of intelligence (left tentacle)
 g - a +6 ring of intelligence (right tentacle)
Scrolls
 e - 2 scrolls of teleportation {unknown}
 i - a scroll of identify {unknown}
 j - a scroll of enchant weapon {unknown}
 k - a scroll of summoning {unknown}
Potions
 a - a potion of magic
 c - a potion of might {unknown}
 d - a potion of flight
 h - a potion of lignification {unknown}


   Skills:
 - Level 2.2 Dodging
 - Level 3.1 Stealth
 + Level 3.1 Spellcasting
 + Level 4.9 Conjurations


You had 2 spell levels left.
You knew the following spells:

 Your Spells              Type           Power      Damage    Failure   Level
a - Magic Dart            Conj           100%       1d8       1%          1
b - Searing Ray           Conj           100%       2d8       1%          2
c - Fulminant Prism       Conj/Hex       16%        3d11      21%         4

Your spell library contained the following spells:

 Spells                   Type           Power      Damage    Failure   Level
 Sting                    Tmut/Pois      20%        1d4       5%          1
 Poisonous Vapours        Pois/Air       10%        N/A       9%          2
 Dazzling Flash           Conj/Hex       66%        N/A       6%          3
 Iskenderun's Mystic Bla  Conj/Tloc      33%        2d8       21%         4
 Olgreb's Toxic Radiance  Pois           5%         N/A       47%         4


Dungeon Overview and Level Annotations

Branches:
Dungeon (3/15)

Altars:


Innate Abilities, Weirdness & Mutations

You cannot wear most types of armour.
You are amphibious.
You can wear up to eight rings at the same time.
Your skin changes colour to match your surroundings (Stealth+).
Your rubbery body absorbs attacks. (AC +1, EV +1)
((You are camouflaged when in or above water. (Stealth+)))
You have tentacles for arms and can constrict up to eight enemies at once.


Message History

You're too confused to cast spells.
You're too confused to cast spells.
Unknown command.
You are too confused!
The orc wizard points at you and mumbles some strange words.
The magic dart hits you!
You barely miss the orc wizard.
You squeeze the orc wizard, but do no damage.
The orc wizard is almost dead.
The orc wizard points at you and mumbles some strange words.
The magic dart hits you!
You bump into the rock wall.
The orc wizard casts a spell.
The orc wizard flickers and vanishes!
Deactivating autopickup; reactivate with Ctrl-A.
Something hits you.
* * * LOW HITPOINT WARNING * * *
It was a potion of flight.
You feel very buoyant.
You fly up into the air.
Something hits you.
* * * LOW HITPOINT WARNING * * *
You bump into the rock wall.
Something hits you.
* * * LOW HITPOINT WARNING * * *
You feel less confused. Something barely misses you.
Casting: Magic Dart (safe; 1% risk of failure)
Confirm with . or Enter, or press ? or * to list all spells.
Okay, then.
Casting: Magic Dart (safe; 1% risk of failure)
Confirm with . or Enter, or press ? or * to list all spells.
You can't see any susceptible monsters within range! (Use Z to cast anyway.) Unknown command.
Casting: Magic Dart (safe; 1% risk of failure)
Confirm with . or Enter, or press ? or * to list all spells.
Aiming: Searing Ray (safe; 1% risk of failure)
Press: ? - help, Shift-Dir - straight line You feel a surge of power! (Press . to maintain the ray.)
Something hits you.
You die...

## .. ###############.#
#............>..#
#.#########.{####
###.##### #....@..#
#>......###.#.....#
#......†..............
##.#.###...#.#.#######.#
...#.# ###.#.#..
####.#####.#.### #
#.#...#...# #
#.#...###.# # #.#.(.#
#.###########


There were no monsters in sight!

Vanquished Creatures
  Jessica (D:2)
  Natasha (D:3)
  An adder (D:2)
  4 ball pythons
  2 bats
  4 endoplasms (D:1)
  2 goblins (D:1)
  4 hobgoblins
  2 kobolds (D:1)
  3 quokkas (D:1)
  A frilled lizard (D:1)
  4 rats
29 creatures vanquished.

Notes
Turn   | Place    | Note
-------+----------+-------------------------------------------
     0 | D:1      | hikkokomori the Octopode Conjurer began the quest for the
                  | Orb.
     0 | D:1      | Reached XP level 1. HP: 11/11 MP: 3/3
   367 | D:1      | Reached XP level 2. HP: 13/17 MP: 0/5
   522 | D:1      | Found a faded altar of an unknown god.
  1309 | D:1      | Reached XP level 3. HP: 21/21 MP: 4/6
  1340 | D:1      | Identified 3 scrolls of acquirement
  1340 | D:1      | Acquired 705 gold pieces
  1341 | D:1      | Acquired a staff of conjuration
  1342 | D:1      | Acquired 671 gold pieces
  1759 | D:2      | Noticed Jessica
  1762 | D:2      | Killed Jessica
  1763 | D:2      | Reached XP level 4. HP: 27/27 MP: 3/8
  2215 | D:3      | Noticed Natasha
  2227 | D:3      | Killed Natasha
  2241 | D:3      | Learned a level 2 spell: Searing Ray
  2246 | D:3      | Learned a level 4 spell: Fulminant Prism
  2473 | D:3      | Slain by an orc wizard

Illustrated notes

Levels and vault maps discovered:
D:1:      minmay_arrival_hallway, layout_loops_corners, basic_ecumenical_altar,
          minmay_unequal
D:2:      layout_loops_ring, uniq_jessica
D:3:      layout_basic, serial_shops, nicolae_shop_advertising_works
          [nicolae_subvault_shop_adworks], minmay_shallow_snake_nest,
          uniq_natasha

Skill      XL: |  1  2  3  4 |
---------------+-------------+-----
Stealth        | 3 |  3.1
Spellcasting   | 3 |  3.1
Dodging        | |  2.2
Conjurations   | |  4.9

Action                   |  1- 3 |  4- 6 || total
-------------------------+-------+-------++-------
Melee: Unarmed           |     4 |       ||     4
       Constrict         |     1 |       ||     1
       Staff             |       |     4 ||     4
       Tentacles         |       |     2 ||     2
 Cast: Magic Dart        |    49 |    21 ||    70
       Searing Ray       |       |     1 ||     1
  Use: Scroll            |     3 |       ||     3
       Potion            |       |     1 ||     1
Dodge: Dodged            |     7 |     5 ||    12
